General information
- name: BNet
- type: Ladder team game (AT/RT)
- host: Battle.net
- saver: 8Towers
map: Battleground
- players: 8
- length: 17:17
- speed: Fast
- version: 1.28 W3XP
- replay type: Public
» download(138 KB)
Players
team 1 (loser)
LiQUiDNiNJ4 (
green | 59 APM | 998 actions | 17:01)
3 Demon Hunter
1 Mana Burn
2 Evasion
2 Keeper of the Grove
1 Entangling Roots
1 Thorns Aura
2 Shadow Hunter
1 Healing Wave
1 Hex
2 Blademaster
2 Critical Strike
2 Tauren Chieftain
1 Shockwave
1 Endurance Aura
» actions
| Assign group hotkey | 7 | |
| Basic commands | 56 | |
| Build / train | 71 | |
| ESC pressed | 1 | |
| Enter build submenu | 25 | |
| Enter hero's abilities submenu | 11 | |
| Remove unit from queue | 1 | |
| Right click | 311 | |
| Select / deselect | 379 | |
| Select group hotkey | 37 | |
| Use ability | 99 | |
998 total
» units
| Wisp | 13 | |
| Druid of the Claw | 5 | |
| Shaman | 6 | |
| Grunt | 3 | |
| Dryad | 1 | |
| Troll Witch Doctor | 3 | |
| Mountain Giant | 3 | |
34 total
» upgrades
| Strength of the Wild | 1 | |
| Druid of the Claw Training | 2 | |
| Reinforced Hides | 1 | |
| Shaman Training | 2 | |
| Nature's Blessing | 1 | |
| Witch Doctor Training | 2 | |
| Armor | 1 | |
| Melee Weapons | 1 | |
| Hardened Skin | 1 | |
| Mark of the Claw | 1 | |
| Resistant Skin | 1 | |
14 total
» buildings
| Altar of Elders | 1 | |
| Moon Well | 8 | |
| Ancient of War | 2 | |
| Ancient of Wonders | 1 | |
| Tree of Ages | 1 | |
| Hunter's Hall | 2 | |
| Ancient of Lore | 2 | |
| Spirit Lodge | 2 | |
| Fortress | 1 | |
| Tree of Eternity | 1 | |
| Orc Burrow | 2 | |
| War Mill | 1 | |
24 total
» build order
00:07 Altar of Elders
00:43 Moon Well
01:20 Ancient of War
01:26 Ancient of War
01:36 Moon Well
02:03 Ancient of Wonders
02:46 Tree of Ages
03:23 Moon Well
03:26 Hunter's Hall
03:30 Hunter's Hall
03:57 Moon Well
04:54 Moon Well
05:13 Ancient of Lore
05:15 Ancient of Lore
06:44 Spirit Lodge
06:45 Fortress
06:48 Spirit Lodge
09:01 Tree of Eternity
10:01 Orc Burrow
10:58 War Mill
12:05 Moon Well
12:06 Moon Well
12:37 Orc Burrow
13:18 Moon Well
» items
| Periapt of Vitality | 1 | |
| Healing Salve | 3 | |
4 total

»
TheBoneCollectr (
pink | 74 APM | 1285 actions | 17:15)
4 Warden
2 Shadow Strike
2 Fan of Knives
3 Priestess of the Moon
2 Trueshot Aura
1 Scout
» actions
| Assign group hotkey | 63 | |
| Basic commands | 42 | |
| Build / train | 74 | |
| Enter build submenu | 14 | |
| Enter hero's abilities submenu | 7 | |
| Give item / drop item | 1 | |
| Remove unit from queue | 2 | |
| Right click | 730 | |
| Select / deselect | 275 | |
| Select group hotkey | 29 | |
| Use ability | 48 | |
1285 total
» units
| Wisp | 18 | |
| Archer | 15 | |
| Hippogryph | 10 | |
| Ogre Mauler | 1 | |
| Forest Troll Berserker | 1 | |
| Chimaera | 2 | |
47 total
» upgrades
| Improved Bows | 1 | |
| Hippogryph Taming | 1 | |
| Well Spring | 1 | |
| Marksmanship | 1 | |
| Strength of the Moon | 1 | |
| Corrosive Breath | 1 | |
6 total
» buildings
| Altar of Elders | 1 | |
| Moon Well | 4 | |
| Ancient of War | 1 | |
| Tree of Ages | 1 | |
| Hunter's Hall | 1 | |
| Tree of Eternity | 1 | |
| Ancient of Wind | 2 | |
| Tree of Life | 1 | |
| Ancient of Wonders | 1 | |
| Ancient Protector | 1 | |
| Chimaera Roost | 1 | |
15 total
» build order
00:04 Altar of Elders
00:19 Moon Well
01:19 Ancient of War
01:28 Moon Well
02:23 Tree of Ages
03:27 Hunter's Hall
03:31 Moon Well
05:23 Tree of Eternity
05:25 Ancient of Wind
05:26 Ancient of Wind
06:12 Moon Well
10:04 Tree of Life
10:47 Ancient of Wonders
12:56 Ancient Protector
13:14 Chimaera Roost
» items
| Scroll of Town Portal | 2 | |
| Potion of Lesser Invulnerability | 1 | |
3 total
|c00F5F5DCgucci (
yellow | 124 APM | 2133 actions | 17:11)
4 Priestess of the Moon
1 Scout
2 Trueshot Aura
1 Searing Arrows
» actions
| Assign group hotkey | 42 | |
| Build / train | 76 | |
| Enter build submenu | 16 | |
| Enter hero's abilities submenu | 4 | |
| Give item / drop item | 1 | |
| Right click | 935 | |
| Select / deselect | 288 | |
| Select group hotkey | 734 | |
| Use ability | 37 | |
2133 total
» units
| Wisp | 23 | |
| Archer | 10 | |
| Hippogryph | 15 | |
48 total
» upgrades
| Strength of the Moon | 3 | |
| Moon Armor | 3 | |
| Improved Bows | 1 | |
| Hippogryph Taming | 1 | |
| Marksmanship | 1 | |
| Well Spring | 1 | |
10 total
» buildings
| Moon Well | 5 | |
| Altar of Elders | 1 | |
| Hunter's Hall | 1 | |
| Ancient of War | 2 | |
| Ancient Protector | 2 | |
| Ancient of Wonders | 1 | |
| Tree of Ages | 1 | |
| Tree of Eternity | 1 | |
| Ancient of Wind | 2 | |
| Orc Burrow | 2 | |
18 total
» build order
00:12 Moon Well
00:22 Altar of Elders
01:25 Hunter's Hall
02:05 Moon Well
02:11 Ancient of War
02:28 Ancient Protector
02:43 Ancient Protector
02:54 Moon Well
04:30 Ancient of Wonders
05:32 Tree of Ages
06:28 Moon Well
07:34 Moon Well
07:41 Ancient of War
07:56 Tree of Eternity
08:01 Ancient of Wind
08:06 Ancient of Wind
09:08 Orc Burrow
10:18 Orc Burrow
» items
| Scroll of Town Portal | 4 | |
| Potion of Healing | 1 | |
| Orb of Lightning | 1 | |
| Scroll of Speed | 1 | |
7 total
SKYJUNG137 (
purple | 122 APM | 811 actions | 06:37)
1 Blademaster
1 Wind Walk
» actions
| Assign group hotkey | 1 | |
| Basic commands | 61 | |
| Build / train | 21 | |
| Enter build submenu | 8 | |
| Enter hero's abilities submenu | 1 | |
| Right click | 427 | |
| Select / deselect | 203 | |
| Select group hotkey | 78 | |
| Use ability | 10 | |
811 total
» units
» upgrades
» buildings
| Orc Burrow | 4 | |
| Altar of Storms | 1 | |
| Barracks | 1 | |
| Stronghold | 6 | |
| Voodoo Lounge | 1 | |
13 total
» build order
00:11 Orc Burrow
00:15 Altar of Storms
01:22 Barracks
01:55 Orc Burrow
02:36 Stronghold
02:36 Stronghold
02:36 Stronghold
02:37 Stronghold
03:18 Voodoo Lounge
04:02 Orc Burrow
06:29 Orc Burrow
team 2 (winner)

»
destructor.3 (
blue | 71 APM | 1227 actions | 17:16)
4 Death Knight
2 Death Coil
2 Unholy Aura
3 Lich
2 Frost Armor
1 Frost Nova
» actions
| Assign group hotkey | 24 | |
| Build / train | 57 | |
| Enter build submenu | 16 | |
| Enter hero's abilities submenu | 8 | |
| Give item / drop item | 1 | |
| Remove unit from queue | 4 | |
| Right click | 625 | |
| Select / deselect | 270 | |
| Select group hotkey | 140 | |
| Use ability | 82 | |
1227 total
» units
| Acolyte | 8 | |
| Ghoul | 3 | |
| Crypt Fiend | 8 | |
| Obsidian Statue | 4 | |
| Necromancer | 5 | |
28 total
» upgrades
| Web | 1 | |
| Necromancer Training | 2 | |
| Burrow | 1 | |
| Skeletal Mastery | 1 | |
5 total
» buildings
| Crypt | 2 | |
| Altar of Darkness | 1 | |
| Ziggurat | 7 | |
| Tomb of Relics | 1 | |
| Graveyard | 1 | |
| Halls of the Dead | 2 | |
| Slaughterhouse | 1 | |
| Black Citadel | 1 | |
| Sacrificial Pit | 1 | |
| Temple of the Damned | 2 | |
| Spirit Tower | 4 | |
| Necropolis | 2 | |
25 total
» build order
00:47 Crypt
00:50 Crypt
00:52 Altar of Darkness
00:54 Ziggurat
01:02 Ziggurat
01:11 Tomb of Relics
02:04 Graveyard
03:38 Halls of the Dead
03:38 Halls of the Dead
05:28 Ziggurat
05:30 Ziggurat
06:09 Slaughterhouse
06:30 Black Citadel
07:12 Sacrificial Pit
07:53 Temple of the Damned
07:54 Temple of the Damned
11:45 Ziggurat
11:45 Ziggurat
11:46 Ziggurat
12:44 Spirit Tower
12:48 Spirit Tower
13:27 Necropolis
14:40 Necropolis
» items

»
Lebeaujeulaid (
orange | 38 APM | 657 actions | 17:16)
5 Paladin
3 Holy Light
2 Divine Shield
» actions
| Basic commands | 1 | |
| Build / train | 65 | |
| Enter build submenu | 20 | |
| Enter hero's abilities submenu | 5 | |
| Remove unit from queue | 1 | |
| Right click | 349 | |
| Select / deselect | 184 | |
| Use ability | 32 | |
657 total
» units
| Peasant | 11 | |
| Footman | 5 | |
| Knight | 9 | |
| Spell Breaker | 3 | |
| Priest | 6 | |
| Forest Troll Shadow Priest | 1 | |
35 total
» upgrades
| Swords | 3 | |
| Plating | 3 | |
| Control Magic | 1 | |
| Animal War Training | 1 | |
| Priest Training | 1 | |
| Magic Sentry | 1 | |
| Masonry | 2 | |
12 total
» buildings
| Altar of Kings | 1 | |
| Farm | 9 | |
| Barracks | 1 | |
| Lumber Mill | 1 | |
| Arcane Vault | 1 | |
| Keep | 1 | |
| Blacksmith | 1 | |
| Castle | 2 | |
| Arcane Sanctum | 1 | |
| Scout Tower | 4 | |
| Guard Tower | 3 | |
25 total
» build order
00:10 Altar of Kings
00:17 Farm
00:23 Barracks
00:59 Farm
01:25 Lumber Mill
01:46 Farm
02:39 Arcane Vault
03:09 Keep
04:20 Blacksmith
05:33 Castle
05:33 Castle
05:46 Farm
06:32 Farm
07:12 Arcane Sanctum
07:19 Farm
08:14 Farm
08:55 Farm
09:48 Scout Tower
10:46 Scout Tower
11:41 Scout Tower
11:44 Guard Tower
11:58 Farm
13:10 Scout Tower
13:11 Guard Tower
13:54 Guard Tower
» items
| Potion of Healing | 1 | |
| Scroll of Regeneration | 1 | |
| Lesser Clarity Potion | 1 | |
| Scroll of Healing | 1 | |
| Scroll of Town Portal | 1 | |
5 total
8Towers (
red | 58 APM | 995 actions | 17:17)
6 Paladin
3 Holy Light
1 Divine Shield
1 Devotion Aura
1 Resurrection
» actions
| Assign group hotkey | 55 | |
| Basic commands | 29 | |
| Build / train | 52 | |
| Enter build submenu | 22 | |
| Enter hero's abilities submenu | 6 | |
| Remove unit from queue | 2 | |
| Right click | 476 | |
| Select / deselect | 194 | |
| Select group hotkey | 88 | |
| Use ability | 71 | |
995 total
» units
| Peasant | 16 | |
| Forest Troll Shadow Priest | 1 | |
| Flying Machine | 7 | |
24 total
» upgrades
| Lumber Harvesting | 2 | |
| Gunpowder | 3 | |
| Plating | 2 | |
| Masonry | 2 | |
| Flak Cannons | 1 | |
| Flying Machine Bombs | 1 | |
11 total
» buildings
| Scout Tower | 5 | |
| Lumber Mill | 2 | |
| Farm | 7 | |
| Arcane Tower | 1 | |
| Altar of Kings | 1 | |
| Guard Tower | 2 | |
| Keep | 1 | |
| Castle | 1 | |
| Blacksmith | 2 | |
| Arcane Sanctum | 1 | |
| Workshop | 4 | |
27 total
» build order
00:36 Scout Tower
00:41 Lumber Mill
00:56 Farm
00:59 Farm
01:02 Farm
01:12 Arcane Tower
01:14 Scout Tower
01:18 Scout Tower
01:19 Scout Tower
01:53 Altar of Kings
02:06 Guard Tower
02:49 Scout Tower
03:54 Keep
07:49 Guard Tower
07:51 Castle
08:42 Blacksmith
08:44 Arcane Sanctum
09:29 Lumber Mill
11:34 Workshop
11:34 Workshop
11:35 Workshop
11:39 Workshop
12:42 Blacksmith
12:57 Farm
12:58 Farm
12:59 Farm
13:00 Farm
» items
| Boots of Speed | 1 | |
| Staff of Teleportation | 1 | |
| Periapt of Vitality | 1 | |
3 total

»
Shakal (
teal | 42 APM | 722 actions | 17:16)
4 Demon Hunter
2 Immolation
2 Evasion
» actions
| Assign group hotkey | 22 | |
| Build / train | 60 | |
| Enter build submenu | 13 | |
| Enter hero's abilities submenu | 4 | |
| Give item / drop item | 1 | |
| Remove unit from queue | 1 | |
| Right click | 325 | |
| Select / deselect | 141 | |
| Select group hotkey | 125 | |
| Use ability | 30 | |
722 total
» units
| Wisp | 15 | |
| Archer | 12 | |
| Dryad | 7 | |
| Hippogryph | 7 | |
41 total
» upgrades
| Strength of the Wild | 3 | |
| Reinforced Hides | 2 | |
| Abolish Magic | 1 | |
6 total
» buildings
| Moon Well | 7 | |
| Altar of Elders | 1 | |
| Ancient of War | 1 | |
| Tree of Ages | 1 | |
| Hunter's Hall | 1 | |
| Tree of Eternity | 1 | |
| Ancient of Lore | 2 | |
| Ancient of Wind | 3 | |
17 total
» build order
00:27 Moon Well
00:41 Altar of Elders
00:55 Ancient of War
01:18 Moon Well
02:06 Moon Well
04:24 Tree of Ages
04:56 Hunter's Hall
06:21 Moon Well
06:46 Tree of Eternity
06:53 Ancient of Lore
06:53 Ancient of Lore
07:16 Moon Well
08:48 Moon Well
10:01 Moon Well
10:33 Ancient of Wind
10:34 Ancient of Wind
10:42 Ancient of Wind
» items
| Circlet of Nobility | 1 | |
| Scroll of Town Portal | 3 | |
4 total
Chat log
(02:59 / Allies) Shakal: 2
(03:27 / Allies) Lebeaujeulaid: the tech
(03:35 / Allies) Shakal: lets check
(05:00 / Allies) Lebeaujeulaid: n
(05:01 / Allies) Lebeaujeulaid: nb
(05:03 / Allies) Lebeaujeulaid: b
(06:29 / Allies) Shakal: thx
(09:31 / Allies) Shakal: b
(09:31 / Allies) Shakal: b
(09:31 / Allies) Shakal: b
(12:23 / Allies) 8Towers: b
(13:32 / Allies) Lebeaujeulaid: goldplz
(13:37 / Allies) Shakal: red share gold
(13:39 / Allies) Shakal: or use
(13:55 / Allies) Shakal: ty
(15:06 / Allies) Shakal: b
(15:09 / Allies) Shakal: stay in base
(15:38 / Allies) Lebeaujeulaid: all
(17:08 / Allies) Shakal: gj